AoeStats
← 阿基米德

Fortress

510415311Analyzed
1v1 RM · 13h ago on Sep 30, 2026· 35m 25s· 2 players
Game mode
Random Map
Map size
Small (3 player)
Population
200
Speed
Normal
Resources
Standard
Victory
Conquest
Starting age
Dark Age
Ending age
Imperial Age
RankedLock teamsTeams togetherTeam positionsShared explorationLock speedFull tech treeHidden civsTurbo modeCheats
Victory
Defeat
🇩🇪 Turks · Germany
926
+16
🇨🇳 Tatars · China
933
-16
demizocky
1:37 Loom
8:50 Feudal Age
9:13 Horse Collar
9:20 Double-Bit Axe
10:13 Wheelbarrow
15:31 Castle Age
13:34 Fletching
18:40 Padded Archer Armor
19:58 Hand Cart
20:08 Leather Archer Armor
20:46 Fervor
21:19 Heavy Plow
21:31 Bow Saw
22:10 Husbandry
22:22 Bloodlines
23:35 Forging
26:49 Bodkin Arrow
27:33 Iron Casting
30:31 Imperial Age
30:00 Ballistics
31:14 Artillery
阿基米德
6:27 Feudal Age
12:27 Castle Age
12:23 Double-Bit Axe
15:34 Gold Mining
15:47 Fletching
21:11 Padded Archer Armor
22:14 Horse Collar
25:59 Bodkin Arrow
26:20 Leather Archer Armor
30:57 Imperial Age
Connection lost

Rejoining the realm…

Still unreachable

The connection could not be restored.

Session expired

The server has moved on; the page needs a fresh start.